 Dungeon Crawl Stone Soup version 0.30-a0-672-gc3a7216ad8 (webtiles) character file.

Game seed: 3100527213477531235

143 testman the Charlatan (level 5, -2/39 HPs)
             Began as a Demonspawn Artificer on Jan 18, 2023.
             Was a Believer of Vehumet.
             Slain by Persephone's ghost (11 damage)
             ... on level 3 of the Dungeon.
             The game lasted 00:06:05 (2218 turns).

testman the Charlatan (Demonspawn Artificer)        Turns: 2218, Time: 00:06:05

Health: -2/39      AC:  6    Str: 15    XL:     5   Next: 4%
Magic:  7/7        EV: 11    Int: 12    God:    Vehumet [**....]
Gold:   124        SH:  3    Dex: 13    Spells: 6/7 levels left

rFire   + . .      SeeInvis .    y - +1 whip (elec)
rCold   . . .      Faith    .    u - +0 buckler
rNeg    . . .      Spirit   .    b - +0 leather armour
rPois   .          Reflect  .    (no helmet)
rElec   .          Harm     .    (no cloak)
rCorr   .          Rampage  .    A - +0 pair of gloves
Will    .....                    (no boots)
Stlth   +                        h - amulet of the acrobat
HPRegen 0.26/turn                m - ring of flight
MPRegen 0.10/turn                t - ring of protection from fire

@: flying
A: molten scales 1, demonic touch 1
a: Renounce Religion


You were on level 3 of the Dungeon.
You worshipped Vehumet.
Vehumet was pleased with you.
You visited 1 branch of the dungeon, and saw 3 of its levels.

You collected 190 gold pieces.
You spent 66 gold pieces at shops.

Inventory:

Hand Weapons
 g - a +0 spear
 y - a +1 whip of electrocution (weapon)
Missiles
 j - 4 javelins
Armour
 b - a +0 leather armour (worn)
 u - a +0 buckler (worn)
 A - a +0 pair of gloves (worn)
Jewellery
 h - an amulet of the acrobat (around neck)
 m - a ring of flight (left hand)
 t - a ring of protection from fire (right hand)
Wands
 c - a wand of flame (12) (quivered)
 d - a wand of charming (15)
 e - a wand of iceblast (5)
 v - a wand of roots (9)
Scrolls
 a - a scroll of immolation {unknown}
 i - 3 scrolls of teleportation {unknown}
 k - a scroll of fear
 p - a scroll of poison {unknown}
 r - a scroll of fog {unknown}
 s - a scroll of noise {unknown}
 x - a scroll of amnesia {unknown}
Potions
 f - a potion of ambrosia
 l - 2 potions of heal wounds {unknown}
 n - 2 potions of mutation {unknown}
 o - a potion of brilliance {unknown}
 q - a potion of might {unknown}
 w - 2 potions of curing {unknown}
 z - a potion of magic {unknown}


   Skills:
 + Level 2.6 Fighting
 - Level 2.0 Armour
 - Level 1.5 Dodging
 - Level 0.8 Stealth
 + Level 0.9 Shields
 + Level 1.5 Spellcasting
 + Level 1.5 Ice Magic
 - Level 3.3 Evocations


You had 6 spell levels left.
You knew the following spells:

 Your Spells              Type           Power      Damage    Failure   Level
a - Freeze                Ice            16%        1d4       26%         1

Your spell library contained the following spells:

 Spells                   Type           Power      Damage    Failure   Level
 Scorch                   Fire           0%         2d5       58%         2
 Apportation              Tloc           0%         N/A       43%         1
 Animate Armour           Summ/Erth      0%         N/A       99%         4
 Yara's Violent Unravell  Hex/Tmut       0%         3d3       100%        5
 Enfeeble                 Hex            0%         N/A       100%        7
 Summon Hydra             Summ           0%         N/A       100%        7


Dungeon Overview and Level Annotations

Branches:
Dungeon (3/15)

Altars:
Trog
Vehumet

Shops:
D:1 ?   D:2 (((

Annotations:
D:3 Persephone's ghost, amateur GrFi


Innate Abilities, Weirdness & Mutations

You are partially covered in molten scales. (AC +2)
Your touch may inflict minor irresistible damage on your foes.


Message History

You hit Persephone's ghost.
Persephone's ghost is lightly damaged.
Persephone's ghost barely misses you.
You hit Persephone's ghost but do no damage.
Persephone's ghost is lightly damaged.
Persephone's ghost hits you.
You closely miss Persephone's ghost.
Persephone's ghost is lightly damaged.
Persephone's ghost hits you but does no damage.
You hit Persephone's ghost but do no damage.
Persephone's ghost is lightly damaged.
Persephone's ghost closely misses you.
You closely miss Persephone's ghost.
Persephone's ghost is lightly damaged.
Persephone's ghost hits you.
You hit Persephone's ghost but do no damage.
Persephone's ghost is lightly damaged.
Persephone's ghost closely misses you.
Persephone's ghost completely misses you.
You hit Persephone's ghost but do no damage.
Persephone's ghost is lightly damaged.
Persephone's ghost hits you!
You hit Persephone's ghost but do no damage.
Persephone's ghost is lightly damaged.
Persephone's ghost hits you.
You hit Persephone's ghost.
Persephone's ghost is lightly damaged.
Persephone's ghost hits you.
You hit Persephone's ghost but do no damage.
Persephone's ghost is lightly damaged.
Persephone's ghost hits you.
* * * LOW HITPOINT WARNING * * *
You hit Persephone's ghost.
Persephone's ghost is lightly damaged.
Persephone's ghost hits you.
* * * LOW HITPOINT WARNING * * *
You hit Persephone's ghost.
Persephone's ghost is moderately damaged.
Persephone's ghost hits you!
You die...

#......##⌠##...#
#.#
#.....##...##...#
#).
#.#..##.....##..#
##.
#....#⌠.!♣?.⌠#..#
##
#.#..##.....##..#
#.#...##...##...#
#.##...##.##...#
#.......#W#...#
####.....@....#
##.#.....#.#
#.........#
###########


You could see Persephone's ghost.

Vanquished Creatures
  A gnoll (D:1)
  7 adders
  2 worms
  3 orcs (D:3)
  4 ball pythons
  5 bats (D:2)
  4 endoplasms
  5 giant cockroaches
  4 goblins
  5 hobgoblins
  6 jackals (D:1)
  2 quokkas (D:2)
  5 frilled lizards
  2 kobolds
  6 rats
61 creatures vanquished.

Notes
Turn   | Place    | Note
-------+----------+-------------------------------------------
     0 | D:1      | testman the Demonspawn Artificer began the quest for the
                  | Orb.
     0 | D:1      | Reached XP level 1. HP: 15/15 MP: 1/1
    33 | D:1      | Reached skill level 1 in Dodging
    33 | D:1      | Gained mutation: Your touch may inflict minor irresistible
                  | damage on your foes. [demonic ancestry]
    33 | D:1      | Reached XP level 2. HP: 21/21 MP: 2/2
   153 | D:1      | Found Toamyko's Magic Scroll Shop.
   160 | D:1      | Bought a scroll of fear for 44 gold pieces
   160 | D:1      | Bought a scroll of identify for 22 gold pieces
   230 | D:1      | Got the Dissertation on Translocated Bringing Forth
   482 | D:1      | Gained mutation: You are partially covered in molten
                  | scales. (AC +2) [demonic ancestry]
   482 | D:1      | Reached XP level 3. HP: 26/27 MP: 3/3
   517 | D:1      | Found a faded altar of an unknown god.
   525 | D:1      | Prayed at the altar of an unknown god.
   525 | D:1      | Became a worshipper of Vehumet
   525 | D:1      | Reached * piety under Vehumet
   525 | D:1      | Offered knowledge of Freeze by Vehumet.
   528 | D:1      | Learned a level 1 spell: Freeze
  1134 | D:2      | Found Ixeskem's Antique Weapon Emporium.
  1210 | D:2      | Reached skill level 1 in Spellcasting
  1210 | D:2      | Reached skill level 1 in Ice Magic
  1241 | D:2      | Reached XP level 4. HP: 17/33 MP: 5/5
  1311 | D:2      | Found Putreu's Antique Weapon Boutique.
  1422 | D:2      | Found Tetol's Weapon Shop.
  1692 | D:2      | Reached ** piety under Vehumet
  1692 | D:2      | Offered knowledge of Scorch by Vehumet.
  2058 | D:3      | Found a bloodstained altar of Trog.
  2104 | D:3      | Reached XP level 5. HP: 34/39 MP: 7/7
  2191 | D:3      | Noticed Persephone's ghost (amateur GrFi)
  2194 | D:3      | Found a runed translucent door.
  2218 | D:3      | Slain by Persephone's ghost

Illustrated notes

Levels and vault maps discovered:
D:1:      dpeg_arrival_stone_temple_mockup, layout_basic,
          hellmonk_ecumenical_altar_zigzags, serial_corexii_hall,
          chequers_hall_statues_y, chequers_hall_statues_corner_a, serial_shops,
          nicolae_shop_waterfront, dreamdust_mushroom_princess,
          wad_floor_pattern_2
D:2:      layout_rooms, serial_shops, nicolae_shop_statue_plus, shop_fountains,
          nicolae_shop_trees, minmay_3d_cube
D:3:      layout_basic, lightli_temple_of_fire, hellmonk_ghost_happy_afterlife

Skill      XL: |  1  2  3 |
---------------+----------+-----
Armour         | 2 |  2.0
Dodging        | 1 |  1.5
Fighting       | 2 |  2.6
Spellcasting   | 1 |  1.5
Ice Magic      | 1 |  1.5
Stealth        | |  0.8
Shields        | |  0.9
Evocations     | |  3.3

Action                   |  1- 3 |  4- 6 || total
-------------------------+-------+-------++-------
Melee: Spear             |   109 |    67 ||   176
       Touch             |    16 |       ||    16
       Whip              |       |    56 ||    56
 Cast: Freeze            |       |     1 ||     1
Evoke: Wand              |     3 |       ||     3
  Use: Scroll            |     1 |       ||     1
 Stab: Sleeping          |     1 |       ||     1
Armor: Leather armour    |    35 |    35 ||    70
Dodge: Dodged            |    59 |    79 ||   138
Block: Buckler           |       |    19 ||    19

Table legend: (Time is in decaauts)
 A = Elapsed time spent in this place.
 B = Non-inter-level travel time spent in this place.
 C = Inter-level travel time spent in this place.
 D = Time resting spent in this place.
 E = Time spent auto-exploring this place.
 F = Levels seen in this place.
 G = Mean time per level.
                   A        B        C        D        E       F      G
               +--------+--------+--------+--------+--------+-----+--------+
         Total |   2245 |   2181 |     64 |     61 |   1645 |   3 |  748.3 |
       Dungeon |   2245 |   2181 |     64 |     61 |   1645 |   3 |  748.3 |
               +--------+--------+--------+--------+--------+-----+--------+

Top non-repeatable levels by time:
     D:1: 1099 daAuts
     D:2: 713 daAuts
     D:3: 432 daAuts
